 Dungeon Sprint DCSS version 0.28.0-43-g3370ac3207 (webtiles) character file.

Game seed: 784404717678743142

554 boopmooplesden the Cleaver (level 7, -13/111 HPs)
             Began as a Minotaur Berserker on Mar 15, 2022.
             Was a Believer of Trog.
             Mangled by an ice devil (23 damage)
             ... summoned by a kobold demonologist
             ... in the Dungeon (Sprint I: "Red Sonja").
             The game lasted 00:01:08 (910 turns).

boopmooplesden the Cleaver (Minotaur Berserker)      Turns: 910, Time: 00:01:09

Health: -13/111    AC: 10    Str: 23      XL:     7   Next: 8%
Magic:  6/6        EV: 10    Int:  4      God:    Trog [**....]
Gold:   270        SH:  0    Dex:  9 (10) Spells: 6/6 levels left

rFire   . . .      SeeInvis .   a - +0 hand axe
rCold   . . .      Faith    .   (no shield)
rNeg    . . .      Spirit   .   j - +0 chain mail
rPois   .          Reflect  .   (helmet restricted)
rElec   .          Harm     .   (no cloak)
rCorr   .          Rampage  .   (no gloves)
Will    .....      NoTele   +   (no boots)
Stlth   ..........              (no amulet)
HPRegen 0.28/turn               (no ring)
MPRegen 0.10/turn               (no ring)

@: berserking (expiring), very quick
A: horns 2, retaliatory headbutt
a: Renounce Religion, Berserk, Trog's Hand


You were in the Dungeon.
You worshipped Trog.
Trog was pleased with you.
You visited 1 branch You collected 270 gold pieces.

Inventory:

Hand Weapons
 a - a +0 hand axe (weapon)
Armour
 b - a +0 animal skin
 j - a +0 chain mail (worn)
Wands
 i - a wand of flame (16)
Potions
 c - a potion of curing
 d - a potion of heal wounds
 f - 2 potions of magic
 g - a potion of berserk rage


   Skills:
 + Level 11.4 Fighting
 + Level 11.7 Axes
 + Level 7.5 Armour
 + Level 6.0 Dodging
 + Level 0.3 Stealth


You had 6 spell levels left.
You didn't know any spells.
Your spell library was empty.

Dungeon Overview and Level Annotations

Branches:
Dungeon (1/1)

Altars:
Makhleb
Xom
Jiyva
Lugonu


Innate Abilities, Weirdness & Mutations

You have a pair of horns on your head.
You reflexively headbutt those who attack you in melee.


Message History

The kobold demonologist is heavily wounded.
You slash the smoke demon! You hit the sun demon but do no damage.
You hit the ice devil. You miss the kobold demonologist.
The kobold demonologist is heavily wounded.
You hit the smoke demon. You hit the sun demon but do no damage.
You slash the ice devil!
The ice devil hits you but does no damage.
The sun demon hits you!
You are engulfed in flames!
The kobold demonologist hits you but does no damage.
You closely miss the kobold demonologist.
Your headbutt misses the kobold demonologist.
The kobold demonologist is heavily wounded.
You hit the smoke demon.
You kill the smoke demon!
The smoke demon disappears in a puff of smoke!
You hit the sun demon. You barely miss the ice devil.
You closely miss the kobold demonologist.
The kobold demonologist is heavily wounded.
You completely miss the ice devil. You barely miss the sun demon.
The ice devil hits you! The ice devil freezes you! The sun demon hits you!
You are engulfed in flames!!
* * * LOW HITPOINT WARNING * * *
The kobold demonologist casts a spell.
You slash the kobold demonologist!
The kobold demonologist is almost dead.
You hit the rust devil. You hit the sun demon but do no damage.
You barely miss the ice devil. You hit the kobold demonologist.
You kill the kobold demonologist!
Trog accepts your kill.
Trog appreciates your killing of a magic user.
The shadow imp disappears in a puff of smoke!
The quasit disappears in a puff of smoke!
The sun demon disappears in a puff of smoke!
The rust devil disappears in a puff of smoke!
You slash the ice devil! The ice devil hits you!
* * * LOW HITPOINT WARNING * * *
The ice devil freezes you!!
You die...

####################
)..#..'..#__#..§@)K#
#.)'..#..'..'..#§4§#
##'#####+#__####§35+
#..# #### ##### ####


You could see an ice devil (summoned), a kobold demonologist, a neqoxec
(summoned) and a shadow imp (summoned).

Vanquished Creatures
  A kobold demonologist (D)
  A slime creature (D)
  Sigmund (D)
  A floating eye (D)
  An ogre (D)
  Ijyb (D)
6 creatures vanquished.

Notes
Turn   | Place    | Note
-------+----------+-------------------------------------------
     0 | D        | boopmooplesden the Minotaur Berserker began the quest for
                  | the Orb.
     0 | D        | Reached XP level 1. HP: 19/19 MP: 0/0
     1 | D        | Noticed Ijyb
     7 | D        | Killed Ijyb
     8 | D        | Reached skill level 5 in Fighting
     8 | D        | Reached skill level 5 in Axes
     8 | D        | Reached XP level 2. HP: 29/29 MP: 1/1
    50 | D        | Noticed an ogre
    53 | D        | Killed an ogre
    54 | D        | Reached XP level 3. HP: 27/39 MP: 2/2
    54 | D        | Reached XP level 4. HP: 33/47 MP: 3/3
   208 | D        | Noticed Sigmund
   218 | D        | Killed Sigmund
   218 | D        | Reached ** piety under Trog
   219 | D        | Reached skill level 10 in Axes
   219 | D        | Reached skill level 5 in Armour
   219 | D        | Reached skill level 5 in Dodging
   219 | D        | Reached XP level 5. HP: 58/58 MP: 4/4
   241 | D        | Found a burning altar of Makhleb.
   241 | D        | Found a viscous altar of Jiyva.
   241 | D        | Found a shimmering altar of Xom.
   241 | D        | Found a corrupted altar of Lugonu.
   241 | D        | Noticed a slime creature
   251 | D        | HP: 2/58 [slime creature (11)]
   677 | D        | Killed a slime creature
   678 | D        | Reached XP level 6. HP: 31/68 MP: 5/5
   894 | D        | Noticed a kobold demonologist
   894 | D        | Noticed a floating eye
   895 | D        | Noticed a kobold demonologist
   897 | D        | Noticed a sun demon
   897 | D        | Killed a floating eye
   898 | D        | Reached XP level 7. HP: 74/74 MP: 6/6
   900 | D        | Noticed a neqoxec
   903 | D        | Noticed a smoke demon
   904 | D        | Noticed an ice devil
   909 | D        | Noticed a rust devil
   910 | D        | Killed a kobold demonologist
   910 | D        | Mangled by an ice devil

Illustrated notes

Levels and vault maps discovered:
D:        dungeon_sprint_1 [red_sonja_temple_1, red_sonja_temple_small_1]

Skill      XL: |  1  2  3  4  5  6 |
---------------+-------------------+-----
Fighting       | 5 7 9 11 | 11.4
Axes           | 5 7 10 11 | 11.7
Armour         | 3 4 5 7 |  7.5
Dodging        | 3 4 5 6 |  6.0
Stealth        | |  0.3

Action                   |  1- 3 |  4- 6 |  7- 9 || total
-------------------------+-------+-------+-------++-------
Melee: Hand axe          |     6 |    19 |    12 ||    37
       Headbutt          |     1 |     7 |     1 ||     9
Invok: Berserk           |     2 |     3 |       ||     5
  Use: Scroll            |       |     1 |       ||     1
       Potion            |       |     1 |       ||     1
Armor: Chain mail        |       |     3 |    12 ||    15
Dodge: Dodged            |     2 |     7 |     6 ||    15
